 Dungeon Crawl Stone Soup version 0.27.1-33-g824d729ab1 (console) character file.

Game seed: 2727333694805222280

5338 Banquo the Thaumaturge (level 10, -1/72 HPs)
             Began as a Djinni Chaos Knight on Dec 31, 2021.
             Was a Believer of Ashenzari.
             Slain by a two-headed ogre (13 damage)
             ... on level 8 of the Dungeon.
             The game lasted 00:53:58 (13245 turns).

Banquo the Thaumaturge (Djinni Chaos Knight)       Turns: 13245, Time: 00:53:59

Health: -1/72      AC:  8    Str: 10 (11) XL:     10   Next: 96%
Gold:   625        EV: 13    Int: 18      God:    Ashenzari [**....] SH:  5 Dex: 12

rFire    + + .     SeeInvis +   a - +8 Vampire's Tooth {vamp}
rCold    . . .     Faith    .   i - +0 buckler "Cursed Discomfort" {Range, Fort} (curse)
rNeg     . . .     Spirit   .   d - +2 robe {Archmagi}
rPois    ∞         Reflect  .   (no helmet)
rElec    +         Harm     .   (no cloak)
rCorr    .         Rampage  .   g - +0 pair of gloves "Shattered Omen" {Cun, Melee} (curse)
Will     .....     Archmagi +   (boots unavailable)
Stlth    ++........             l - amulet of the acrobat
HPRegen  0.22/turn              r - ring "Cuengioc" {rElec rC+ Will- AC+4 Str+4}
MPRegen  0.00/turn              B - ring of Ashenzari's Affliction {Fly, Fort, Range} (curse)

@: unable to read, flying
A: sickness immunity, fire resistance 2, cold vulnerability 1, float, innate
caster, hp casting, extra vitality 1, deformed body, weak 2, no potion heal 1,
inability to read while threatened
a: Renounce Religion, Curse Item, Shatter the Chains


You were on level 8 of the Dungeon.
You worshipped Ashenzari.
Ashenzari was pleased with you.
You visited 2 branches of the dungeon, and saw 10 of its levels.

You collected 1880 gold pieces.
You spent 1255 gold pieces at shops.

Inventory:

Hand Weapons
 a - the +8 Vampire's Tooth (weapon) {vamp}
   (You acquired it on level 2 of the Dungeon)

   It occasionally heals its wielder for the full amount of damage dealt when it
   wounds a living foe.
 b - the +4 dagger of Destiny {flame, Dex+5}
   (Xom gifted it to you on level 3 of the Dungeon)

   It burns those it strikes, dealing additional fire damage.
   Dex:       It affects your dexterity (+5).
 c - a +0 rapier
 f - a +0 scimitar
 j - a +3 dagger of freezing
 s - a +2 dagger of chaos
 v - a +2 long sword of freezing
 x - a +0 short sword of chaos
 y - a +3 vorpal spear
 L - a +0 spear of venom
Missiles
 k - 8 boomerangs of dispersal (quivered)
 o - 122 stones
 E - a throwing net
 F - 9 boomerangs
 I - 35 poisoned darts
Armour
 d - a +2 robe of the Archmagi (worn)
 g - the cursed +0 pair of gloves "Shattered Omen" (worn) {Cun, Melee}
   (You found it on level 6 of the Dungeon)

   It has a curse which improves the following skills: Cunning: Dodging and
   Stealth.
   Melee Combat: Short Blades, Long Blades, Axes, Maces & Flails, Polearms,
   Staves and Unarmed Combat.
 i - the cursed +0 buckler "Cursed Discomfort" (worn) {Range, Fort}
   (You took it off a gnoll sergeant on level 5 of the Dungeon)

   It has a curse which improves the following skills: Ranged Combat: Slings,
   Bows, Crossbows and Throwing.
   Fortitude: Armour and Shields.
 p - a +3 leather armour
 D - a +0 ring mail
 H - +0 steam dragon scales
Jewellery
 l - an amulet of the acrobat (around neck)
 r - the ring "Cuengioc" (left hand) {rElec rC+ Will- AC+4 Str+4}
   (You bought it in a shop on level 2 of the Dungeon)

   [ring of protection]

   AC:        It affects your AC (+4).
   Str:       It affects your strength (+4).
   rC:        It protects you from cold.
   rElec:     It insulates you from electricity.
   Will:      It decreases your willpower.
 B - the cursed ring of Ashenzari's Affliction (right hand) {Fly, Fort, Range}
   (You found it on level 5 of the Dungeon)

   [ring of flight]

   Fly:       It grants you flight.
   It has a curse which improves the following skills: Fortitude: Armour and
   Shields.
   Ranged Combat: Slings, Bows, Crossbows and Throwing.
 J - a ring of ice
Wands
 h - a wand of acid (4)
 t - a wand of charming (12)
 M - a wand of polymorph (7)
Scrolls
 e - a scroll of magic mapping
 A - 2 scrolls of blinking
 C - 2 scrolls of noise
 G - 3 scrolls of teleportation
 K - a scroll of enchant armour
 N - a scroll of silence
Potions
 m - 7 potions of curing
 n - 2 potions of brilliance
 q - 2 potions of haste
 u - 5 potions of lignification
 w - a potion of resistance
 z - 3 potions of cancellation
 O - a potion of might
 P - a potion of mutation


   Skills:
 * Level 5.9 Fighting
 * Level 6.3(7.8) Short Blades
 - Level 2.1(3.9) Armour
 - Level 4.0(5.3) Dodging
 + Level 2.2(3.4) Stealth
 - Level 3.1(5.1) Shields
 * Level 9.1 Spellcasting


You had 18 spell levels left.
You knew the following spells:

 Your Spells              Type           Power      Damage    Failure   Level
a - Magic Dart            Conj           100%       1d8       1%          1
b - Conjure Flame         Conj/Fire      58%        6-21      1%          3
c - Mephitic Cloud        Conj/Pois/Air  58%        N/A       1%          3
B - Blink                 Tloc           N/A        N/A       1%          2
Your spell library was empty.

Dungeon Overview and Level Annotations

Branches:
Dungeon (9/15)             Temple (1/1) D:7
   Lair: D:8-11         Orc: D:9-12

Altars:
Ashenzari
Makhleb
Ru
Xom
Yredelemnul
Zin
Beogh

Shops:
D:2 :=?   D:7 *   D:9 [

Annotations:
D:7 Gastronok


Innate Abilities, Weirdness & Mutations

You are immune to sickness and miasma.
You are immune to poison.
Your flesh is very heat resistant. (rF++)
You are vulnerable to cold. (rC-)
You float through the air rather than walking.
You learn spells naturally, not from books.
Your magical power is your life essence.
You have superior vitality. (+4 HP)
Armour fits poorly on your strangely shaped body.
You are very weak. (Str -4)
Potions are less effective at restoring your health.
You sometimes lose the ability to read scrolls when taking damage.


Message History

You feel a surge of power!
The magic dart hits the two-headed ogre but does no damage.
The two-headed ogre is heavily wounded.
The two-headed ogre is engulfed in noxious fumes.
Unknown command.
Casting: Magic Dart (safe; 1% risk of failure)
Confirm with . or Enter, or press ? or * to list all spells.
Aiming: Magic Dart (safe; 1% risk of failure)
Press: ? - help, Shift-Dir - straight line, f/p - two-headed ogre
Aim: a two-headed ogre, wielding a +0 giant spiked club and a +0 giant club (noxious fumes, heavily wounded, confused, 100% to hit)
You feel a surge of power!
The magic dart hits the two-headed ogre.
The two-headed ogre is heavily wounded.
The two-headed ogre is engulfed in noxious fumes.
Casting: Magic Dart (safe; 1% risk of failure)
Confirm with . or Enter, or press ? or * to list all spells.
Aiming: Magic Dart (safe; 1% risk of failure)
Press: ? - help, Shift-Dir - straight line, f/p - two-headed ogre
Aim: a two-headed ogre, wielding a +0 giant spiked club and a +0 giant club (noxious fumes, heavily wounded, confused, 100% to hit)
You feel a surge of power!
The magic dart hits the two-headed ogre.
The two-headed ogre is heavily wounded.
The two-headed ogre is engulfed in noxious fumes.
You hit the two-headed ogre.
The two-headed ogre is severely wounded.
You hit the two-headed ogre.
The two-headed ogre is severely wounded.
The two-headed ogre is engulfed in noxious fumes.
The two-headed ogre hits you with a +0 giant spiked club!!
* * * LOW HITPOINT WARNING * * *
The two-headed ogre hits you with a +0 giant club!
* * * LOW HITPOINT WARNING * * *
The two-headed ogre seems less confused.
You can read scrolls again.
There is a stone staircase leading up here.
The two-headed ogre closely misses you.
The two-headed ogre hits you with a +0 giant club!
You feel threatened and lose the ability to read scrolls!
You die...
Xom is highly amused!

**...............###..,,,,,,**,,,
,,.#.............#......,,,,,*,,,
,*...###..#######.......,,,,,*,,,
,,..........####........,,,,,*,,,
,,...................[..,,,,,,,,,
,,####..................,,,,,,,,,
*** #..................,,,,,,,,,
#..............[...,,,,,,,,,
#..(......O@......#,,,,,,*,,
#.................#,,,,,,,,,
#................##******,,,
#................# *,,,
##......[........# **,,
#..#.#.#.#.#.#..# **,
*...............# **
*,..#.#.#.#.#...#
**,,,,,,,,,,,,,**


You could see a two-headed ogre.

Vanquished Creatures
  Joseph (D:7)
  Psyche (D:8)
  An unseen horror (D:8)
  A wyvern (D:6)
  4 yaks (D:8)
  4 steam dragons
  3 orc warriors
  4 black bears (D:4)
  4 ice beasts (D:7)
  A sky beast (D:4)
  4 ogres
  A centaur (D:7)
  A phantom (D:4)
  A bullfrog (D:8)
  A gnoll sergeant (D:8)
  2 scorpions
  2 howler monkeys (D:8)
  A crimson imp (D:3)
  2 centaur zombies
  2 hounds
  An orc priest (D:6)
  A bullfrog skeleton (D:5)
  A gnoll shaman (D:7)
  Jessica (D:2)
  5 iguanas
  2 orc wizards
  A killer bee zombie (D:8)
  A howler monkey zombie (D:7)
  7 adders
  4 gnolls (D:7)
  A shadow imp (D:6)
  2 white imps
  A worm (D:4)
  9 dart slugs
  13 orcs
  7 ball pythons
  5 endoplasms
  3 giant cockroaches
  6 goblins
  6 hobgoblins
  4 jackals (D:1)
  4 quokkas
  5 bats
  5 frilled lizards
  10 rats
146 creatures vanquished.

Vanquished Creatures (collateral kills)
  A centaur zombie (D:6)
  Grinder (D:5)
  A vampire (D:5)
  Eustachio (D:5)
  A centaur (D:6)
  A gnoll sergeant (D:5)
  3 gnolls (D:5)
  A howler monkey skeleton (D:5)
  A hobgoblin (D:4)
11 creatures vanquished.

Vanquished Creatures (others)
  An orc wizard (D:4)
  8 fungi (D:9)
  6 plants (D:9)
15 creatures vanquished.

Grand Total: 172 creatures vanquished

Notes
Turn   | Place    | Note
-------+----------+-------------------------------------------
     0 | D:1      | Banquo the Djinni Chaos Knight began the quest for the Orb.
     0 | D:1      | Reached XP level 1. HP: 20/20 MP: 0/0
   126 | D:1      | XOM: silly message
   258 | D:1      | XOM: enchant monster (good)
   261 | D:1      | Reached XP level 2. HP: 25/25 MP: 0/0
   479 | D:1      | Reached XP level 3. HP: 30/30 MP: 0/0
   479 | D:1      | Learned a level 1 spell: Magic Dart
   579 | D:1      | XOM: 2-stop teleportation journey
  1382 | D:1      | Found a faded altar of an unknown god.
  1518 | D:2      | Found Mucic's Jewellery Boutique.
  1526 | D:2      | Found Ytwaneh's Magic Scroll Emporium.
  1604 | D:2      | Reached skill level 1 in Spellcasting
  1604 | D:2      | Reached XP level 4. HP: 29/35 MP: 0/0
  1671 | D:2      | XOM: silly message
  1839 | D:2      | Noticed Jessica
  1852 | D:2      | Killed Jessica
  2066 | D:2      | Reached XP level 5. HP: 33/40 MP: 0/0
  2066 | D:2      | Learned a level 2 spell: Blink
  2082 | D:2      | XOM: god gift: 8 boomerangs of dispersal
  2428 | D:2      | Reached skill level 2 in Spellcasting
  2461 | D:2      | XOM: divination: detect creatures
  2631 | D:2      | Found Edghoh's Book Shop.
  2962 | D:3      | Found a burning altar of Makhleb.
  3460 | D:3      | XOM: 5-stop teleportation journey
  3735 | D:3      | XOM: god gift: polished dagger {god gift}
  3735 | D:3      | Identified the +4 dagger of Destiny {flame, Dex+5} (Xom
                  | gifted it to you on level 3 of the Dungeon)
  3879 | D:3      | Found a shimmering altar of Xom.
  3994 | D:3      | XOM: silly message
  4199 | D:4      | Reached skill level 3 in Spellcasting
  4199 | D:4      | Reached XP level 6. HP: 37/46 MP: 0/0
  4436 | D:4      | Noticed an ogre
  4439 | D:4      | XOM: divination: detect creatures
  4457 | D:4      | XOM: cast spell 'Summon Ice Beast'
  4476 | D:4      | XOM: confuse monster(s)
  4483 | D:4      | Killed an ogre
  4616 | D:4      | Noticed a black bear
  4616 | D:4      | Noticed an ogre
  4728 | D:4      | XOM: divination: detect items
  4746 | D:4      | XOM: god gift: 27 gold pieces
  4996 | D:4      | XOM: silly message
  5004 | D:4      | XOM: potion effect (might)
  5009 | D:4      | Reached skill level 4 in Spellcasting
  5009 | D:4      | Reached XP level 7. HP: 22/50 MP: 0/0
  5009 | D:4      | Learned a level 3 spell: Mephitic Cloud
  5044 | D:2      | Bought a scroll of blinking for 105 gold pieces
  5044 | D:2      | Bought a scroll of identify for 28 gold pieces
  5098 | D:2      | XOM: divination: detect items
  5262 | D:4      | XOM: potion effect (haste)
  5436 | D:4      | XOM: potion effect (invisibility)
  5456 | D:4      | Reached skill level 5 in Spellcasting
  5737 | D:4      | XOM: chaos upgrade
  6044 | D:4      | Reached XP level 8. HP: 41/58 MP: 0/0
  6359 | D:4      | XOM: summons 4 hostile shadow creatures
  6372 | D:3      | XOM: summons 5 hostile demons
  6608 | D:5      | Entered Level 5 of the Dungeon
  6859 | D:5      | Identified 3 scrolls of acquirement
  6862 | D:4      | Acquired 773 gold pieces
  6934 | D:2      | Bought a scroll of identify for 28 gold pieces
  6934 | D:2      | Bought a scroll of identify for 28 gold pieces
  6934 | D:2      | Bought a scroll of magic mapping for 49 gold pieces
  6934 | D:2      | Bought a scroll of blinking for 105 gold pieces
  6940 | D:2      | Bought an amulet of the acrobat for 300 gold pieces
  6946 | D:2      | Acquired 638 gold pieces
  6948 | D:2      | Acquired the +8 Vampire's Tooth {vamp}
  6948 | D:2      | Found the +8 Vampire's Tooth {vamp}
  6951 | D:2      | Bought the ring "Cuengioc" {rElec rC+ Will- AC+4 Str+4} for
                  | 612 gold pieces
  7011 | D:4      | Reached skill level 6 in Spellcasting
  7178 | D:5      | Noticed a vampire
  7190 | D:5      | Noticed Eustachio
  7206 | D:4      | XOM: enchant monster (bad)
  7244 | D:5      | Killed a vampire
  7263 | D:5      | XOM: cloud trail
  7338 | D:5      | XOM: enchant monster (good)
  7347 | D:5      | Noticed Grinder
  7366 | D:5      | Killed Grinder
  7367 | D:5      | Reached XP level 9. HP: 54/63 MP: 0/0
  7367 | D:5      | Learned a level 3 spell: Conjure Flame
  7373 | D:5      | Killed Eustachio
  7374 | D:5      | Reached skill level 7 in Spellcasting
  7486 | D:5      | XOM: divination: detect creatures
  7508 | D:5      | XOM: give mutation
  7508 | D:5      | Gained mutation: You are weak. (Str -2) [Xom's mischief]
  7760 | D:6      | Found a basalt altar of Yredelemnul.
  7778 | D:6      | Reached skill level 1 in Shields
  7914 | D:6      | XOM: enchant monster (bad)
  7917 | D:6      | XOM: enchant monster (good)
  7972 | D:6      | XOM: cloud trail
  8107 | D:6      | XOM: cloud trail
  8161 | D:6      | XOM: cast spell 'Summon Mana Viper'
  8345 | D:6      | XOM: summons friendly ufetubus
  8519 | D:6      | XOM: confuse monster(s)
  8664 | D:6      | Found a broken altar of Ashenzari.
  8693 | D:6      | Fell from the grace of Xom
  8693 | D:6      | Became a worshipper of Ashenzari the Shackled
  8937 | D:6      | Found a glowing silver altar of Zin.
  9104 | D:6      | Reached skill level 5 in Fighting
  9104 | D:6      | Reached skill level 8 in Spellcasting
  9105 | D:6      | XOM: enchant monster (bad)
  9118 | D:6      | Reached XP level 10. HP: 70/70 MP: 0/0
  9124 | D:6      | XOM: scenery: create altars
  9188 | D:6      | Found a shimmering altar of Xom.
  9244 | D:6      | Found a broken altar of Ashenzari.
  9390 | D:6      | XOM: give mutations
  9390 | D:6      | Gained mutation: You are dopey. (Int -2) [Xom's mischief]
  9390 | D:6      | Gained mutation: Potions are less effective at restoring
                  | your health. [Xom's mischief]
  9390 | D:6      | Gained mutation: You are very weak. (Str -4) [Xom's
                  | mischief]
  9390 | D:6      | Gained mutation: You sometimes lose the ability to read
                  | scrolls when taking damage. [Xom's mischief]
  9491 | D:6      | Found a basalt altar of Yredelemnul.
  9635 | D:6      | Found a glowing silver altar of Zin.
  9819 | D:7      | XOM: chaos cloud
  9859 | D:7      | Found a staircase to the Ecumenical Temple.
  9952 | D:7      | Noticed Joseph
 10171 | D:7      | XOM: draining
 10257 | D:7      | Found Biepoebbi's Mayhem Merchandise.
 10277 | D:7      | Reached skill level 5 in Short Blades
 10437 | D:7      | Reached * piety under Ashenzari
 11309 | D:7      | Killed Joseph
 11370 | D:7      | XOM: god gift: viscous black potion {god gift}
 11375 | D:7      | Reached ** piety under Ashenzari
 11426 | D:8      | Noticed a five-headed hydra
 11451 | D:8      | Noticed an unseen horror
 11460 | D:8      | Killed an unseen horror
 11475 | D:8      | Noticed Gastronok
 11776 | Temple   | Entered the Ecumenical Temple
 11844 | Temple   | XOM: give mutations
 11844 | Temple   | Lost mutation: You are dopey. (Int -2) [Xom's mischief]
 11844 | Temple   | Gained mutation: Armour fits poorly on your strangely
                  | shaped body. [Xom's mischief]
 12140 | D:8      | Reached skill level 1 in Stealth
 12141 | D:8      | Noticed Psyche
 12157 | D:8      | Killed Psyche
 12204 | D:8      | Reached skill level 9 in Spellcasting
 12730 | D:8      | XOM: stat loss: -1 Str (10/11)
 12759 | D:8      | Found a sacrificial altar of Ru.
 13044 | D:9      | Found Ucruaz's Armour Shop.
 13054 | D:9      | Noticed a two-headed ogre
 13062 | D:8      | XOM: summons 14 hostile demons
 13245 | D:8      | Slain by a two-headed ogre

Illustrated notes

Levels and vault maps discovered:
D:1:      mushboom_english_gardens, layout_loops_cross,
          hellmonk_ecumenical_altar_defaced_shrine
D:2:      layout_basic, serial_shops, shop, shop_statue, shop, uniq_jessica
D:3:      layout_basic, grunt_temple_overflow_champion_of_chaos, serial_rivers,
          chequers_serial_rivers_micro_d, chequers_serial_rivers_small_a,
          chequers_serial_rivers_small_b, chequers_serial_rivers_marsh,
          chequers_serial_rivers_small_a, chequers_serial_rivers_micro_e,
          chequers_serial_rivers_micro_e
D:4:      layout_layer_cave
D:5:      layout_cave_pools, uniq_eustachio, uniq_grinder
D:6:      cheibrodos_steamvent, layout_loops_ring,
          mainiacjoe_overflow_large_starburst, mainiacjoe_overflow_chevrons,
          hangedman_abyss_or_decor_stagger
D:7:      layout_layer_cave, minmay_temple_entry_trees, minmay_shop_mayhem,
          uniq_joseph
D:8:      layout_rooms, nicolae_ru_sacrificial_ziggurat,
          minmay_misc_feat_pillars, minmay_chambers_of_fives, uniq_gastronok,
          uniq_psyche
D:9:      layout_cave_pools, due_lair_maze_entry_diamond, serial_shops, shop
Temple:   regret_index_temple_sphere_string

Skill      XL: |  1  2  3  4  5  6  7  8  9 10 |
---------------+-------------------------------+-----
Short Blades   | 3 4 6 |  6.3
Spellcasting   | 1 3 4 5 6 8 9 |  9.1
Armour         | 2 |  2.1
Fighting       | 4 5 |  5.9
Dodging        | 3 4 |  4.0
Shields        | 2 3 |  3.1
Stealth        | 2 |  2.2

Action                   |  1- 3 |  4- 6 |  7- 9 | 10-12 || total
-------------------------+-------+-------+-------+-------++-------
Melee: Short sword       |    65 |    27 |       |       ||    92
       Dagger            |       |    13 |    38 |       ||    51
       Quick blade       |       |       |    82 |   136 ||   218
 Cast: Magic Dart        |    40 |   112 |   152 |    95 ||   399
       Mephitic Cloud    |       |       |    12 |    22 ||    34
       Blink             |       |       |       |     2 ||     2
Invok: Curse Item        |       |       |       |     3 ||     3
  Use: Scroll            |       |       |    18 |     1 ||    19
 Stab: Paralysed         |     2 |       |       |       ||     2
       Invisible         |       |       |     2 |       ||     2
       Confused          |       |       |     6 |    14 ||    20
Armor: Leather armour    |    19 |     1 |       |       ||    20
       Robe              |       |     9 |    32 |    21 ||    62
Dodge: Dodged            |    41 |    16 |    68 |    71 ||   196
Block: Buckler           |       |       |     3 |    13 ||    16
